AoeStats
← SiulO1NE

Arena

509981062Analyzed
2v2 RM · 3d ago on Sep 28, 2026· 35m 47s· 4 players
Game mode
Random Map
Map size
Medium (4 player)
Population
200
Speed
Normal
Resources
Standard
Victory
Conquest
Starting age
Dark Age
Ending age
Imperial Age
RankedLock teamsTeams togetherTeam positionsShared explorationLock speedFull tech treeHidden civsTurbo modeCheats
Victory
Defeat
🇧🇷 Britons · Brazil
737
+16
🇹🇷 Burgundians · Türkiye
732
+16
🇬🇧 Varangians · United Kingdom
755
-37
🇬🇧 Vikings · United Kingdom
720
-32
Vico
1:36 Loom
5:32 Double-Bit Axe
7:30 Horse Collar
9:33 Wheelbarrow
12:14 Feudal Age
11:38 Gold Mining
17:24 Castle Age
15:20 Stone Mining
15:47 Heavy Plow
17:02 Bow Saw
19:29 Husbandry
23:13 Fervor
27:00 Forging
29:59 Imperial Age
27:52 Murder Holes
29:05 Iron Casting
28:01 Cavalier
29:00 Scale Barding Armor
32:05 Two-Man Saw
33:42 Blast Furnace
33:04 Chain Barding Armor
SiulO1NE
4:59 Loom
11:09 Feudal Age
13:50 Horse Collar
16:31 Castle Age
14:18 Double-Bit Axe
18:36 Bow Saw
21:08 Heavy Plow
26:00 Gold Mining
26:03 Stone Mining
29:35 Imperial Age
27:44 Wheelbarrow
29:16 Squires
29:30 Town Watch
29:38 Pikeman
30:45 Conscription
30:37 Scale Mail Armor
31:01 Fletching
31:38 Ballistics
31:03 Capped Ram
32:50 Forging
32:36 Bodkin Arrow
35:06 Chain Mail Armor
34:53 Bracer
35:29 Iron Casting
35:11 Town Patrol
35:28 Hand Cart
35:25 Halberdier
Mantas
8:06 Loom
10:00 Feudal Age
10:33 Horse Collar
11:11 Double-Bit Axe
14:05 Scale Mail Armor
17:03 Man-at-Arms
17:44 Gold Mining
22:42 Castle Age
22:28 Forging
25:22 Squires
26:29 Iron Casting
28:44 Chain Mail Armor
30:09 Bow Saw
30:51 Heavy Plow
32:08 Loom
Tea
12:17 Feudal Age
16:06 Wheelbarrow
16:07 Double-Bit Axe
28:24 Castle Age
30:33 Caravan
32:15 Loom
Connection lost

Rejoining the realm…

Still unreachable

The connection could not be restored.

Session expired

The server has moved on; the page needs a fresh start.